 Dungeon Crawl Stone Soup version 0.26.0-45-g9c1d065592 (webtiles) character file.

Game seed: 76297364972852767

63 trckry the Vexing (level 3, -2/24 HPs)
             Began as a Vampire Enchanter on Jan 31, 2021.
             Slain by Robin
             ... wielding a +0 club
              (4 damage)
             ... on level 2 of the Dungeon.
             The game lasted 00:03:58 (1291 turns).

trckry the Vexing (Vampire Enchanter)               Turns: 1291, Time: 00:03:58

Health: -2/24      AC:  2    Str:  7    XL:     3   Next: 89%
Magic:  5/6        EV: 12    Int: 18    God:
Gold:   117        SH:  0    Dex: 14    Spells: 3/6 levels left

rFire    . . .     SeeInvis +   a - +1 dagger
rCold    . . .     Faith    .   (no shield)
rNeg     . . .     Spirit   .   b - +0 robe
rPois    .         Reflect  .   (no helmet)
rElec    .         Harm     .   (no cloak)
rCorr    .         Rampage  .   (no gloves)
Will     .....                  (no boots)
Stlth    +++.......             (no amulet)
HPRegen  0.28/turn              (no ring)
MPRegen  0.10/turn              (no ring)

@: attractive, regenerating quickly
A: fangs 3, see invisible, unbreathing
a: Exsanguinate


You were on level 2 of the Dungeon.
You visited 1 branch of the dungeon, and saw 2 of its levels.

You collected 117 gold pieces.

Inventory:

Hand Weapons
 a - a +1 dagger (weapon)
Armour
 b - a +0 robe (worn)
Jewellery
 d - an uncursed ring of ice {unknown}
 h - an uncursed ring of see invisible {unknown}
 i - an uncursed amulet of reflection {unknown}
Scrolls
 c - 3 scrolls of teleportation {unknown}
 g - a scroll of enchant weapon {unknown}
 l - 2 scrolls of identify {unknown}
 m - a scroll of random uselessness {unknown}
 n - 2 scrolls of remove curse {unknown}
 o - a scroll of fear {unknown}
Potions
 e - a potion of haste {unknown}
 f - a potion of magic {unknown}
 j - 2 potions of attraction
 k - a potion of cancellation {unknown}
 p - 2 potions of curing {unknown}


   Skills:
 * Level 2.5 Short Blades
 - Level 2.1 Dodging
 + Level 5.1 Stealth
 - Level 2.0 Spellcasting
 * Level 5.4 Hexes
 + Level 1.0 Ice Magic


You had 3 spell levels left.
You knew the following spells:

 Your Spells              Type           Power        Failure   Level
a - Corona                Hex            23%          1%          1
b - Ensorcelled Hibernat  Hex/Ice        26%          8%          2

Your spell library contained the following spells:

 Spells                   Type           Power        Failure   Level
 Confusing Touch          Hex            21%          6%          3
 Tukima's Dance           Hex            21%          6%          3
 Dazzling Flash           Conj/Hex       22%          19%         3


Dungeon Overview and Level Annotations

Branches:
Dungeon (2/15)

Altars:
Gozag

Annotations:
D:2 Robin


Innate Abilities, Weirdness & Mutations

Your natural rate of healing is unusually fast.
You have razor-sharp teeth.
You have supernaturally acute eyesight. (SInv)
You can survive without breathing.


Message History

Robin points. "Kill!"
Robin hits you with a +0 club.
You hit the hobgoblin.
You kill the hobgoblin!
Robin throws the goblin at you!
* * * LOW HITPOINT WARNING * * *
The goblin hits you with a +2 dagger of speed.
* * * LOW HITPOINT WARNING * * *
You hit the goblin. You bite the goblin.
You kill the goblin!
Robin throws the goblin at you!
* * * LOW HITPOINT WARNING * * *
You closely miss the goblin. Robin barely misses you.
The goblin hits you with a +0 dagger.
* * * LOW HITPOINT WARNING * * *
Okay, then.
It was a potion of attraction.
You feel attractive to monsters. The goblin misses you.
Robin hits you with a +0 club.
You die...

######### #..†g@gw#
#(#####.#
#.#####.####
#.##.......##
#.##.##.#...##g#..
#....gg....w..g..g
#####.####...##....
#.[.......#.## ###
#.#######.###


You could see a worm, Robin and a goblin (strong).

Vanquished Creatures
  2 worms (D:2)
  2 dart slugs (D:1)
  A leopard gecko (D:1)
  2 bats
  8 goblins
  7 hobgoblins
  8 jackals (D:1)
  5 kobolds
  2 ball pythons
  2 frilled lizards
  5 rats
44 creatures vanquished.

Notes
Turn   | Place    | Note
-------+----------+-------------------------------------------
     0 | D:1      | trckry the Vampire Enchanter began the quest for the Orb.
     0 | D:1      | Reached XP level 1. HP: 13/13 MP: 3/3
   157 | D:1      | Reached XP level 2. HP: 19/19 MP: 5/5
   160 | D:1      | Learned a level 2 spell: Ensorcelled Hibernation
   350 | D:1      | Reached skill level 5 in Hexes
   535 | D:1      | Reached XP level 3. HP: 20/24 MP: 6/6
   824 | D:2      | Found an opulent altar of Gozag.
   984 | D:2      | Reached skill level 5 in Stealth
  1250 | D:2      | Noticed Robin
  1270 | D:2      | Reached skill level 1 in Ice Magic
  1290 | D:2      | HP: 2/24 [goblin/+0 dagger[Robin] (3)]
  1291 | D:2      | Slain by Robin

Illustrated notes

Levels and vault maps discovered:
D:1:      dpeg_arrival_connections, layout_rooms
D:2:      layout_loops_cross, grunt_gozag_breadcrumbs, uniq_robin

Skill      XL: |  1  2  3 |
---------------+----------+-----
Hexes          | 5 |  5.4
Short Blades   | 2 |  2.5
Stealth        | 5 |  5.1
Ice Magic      | 1 |  1.0
Dodging        | |  2.1
Spellcasting   | |  2.0

Action                   || total
-------------------------++-------
Melee: Dagger            ||   202
       Bite              ||    15
 Cast: Ensorcelled Hiber ||     6
  Use: Potion            ||     1
 Stab: Sleeping          ||     5
Armor: Robe              ||    33
Dodge: Dodged            ||   119
